 Dungeon Crawl Stone Soup version 0.21-a0-641-geef9d7f (webtiles) character file.

30155 Gorglomux the Basher (level 13, -1/119 HPs)
             Began as a Yellow Draconian Arcane Marksman on Dec 30, 2017.
             Was an Initiate of Gozag.
             Slain by an eight-headed hydra (15 damage)
             ... on level 4 of the Lair of Beasts on Dec 31, 2017.
             The game lasted 00:51:36 (19321 turns).

Gorglomux the Basher (DrAM)                        Turns: 19321, Time: 00:51:56

Health: -1/119     AC: 14    Str: 18    XL:     13   Next: 19%
Magic:  17/17      EV: 23    Int: 17    God:    Gozag
Gold:   1302       SH:  0    Dex: 18    Spells: 11/14 levels left

rFire    . . .     SeeInvis .   b - +10 great mace "Jynooh" {vamp, rElec rC+ Int+3 Dex+2}
rCold    + . .     Gourm    .   (shield currently unavailable)
rNeg     . . .     Faith    .   (armour unavailable)
rPois    .         Spirit   .   (helmet restricted)
rElec    +         Reflect  .   N - +2 cloak
rCorr    +         Harm     .   (no gloves)
MR       .....                  X - +2 pair of boots
Stlth    ++........             (no amulet)
HPRegen  0.29/turn              s - +3 ring of evasion
MPRegen  0.15/turn              S - +5 ring of strength

@: gold aura
A: spit acid, acid resistance, unfitting armour, cold-blooded, AC +8
a: Breathe Acid, Potion Petition, Call Merchant, Bribe Branch, Renounce Religion


You were on level 4 of the Lair of Beasts.
You worshipped Gozag.
Gozag was most pleased with you.
You were not hungry.

You visited 2 branches of the dungeon, and saw 17 of its levels.

You collected 3563 gold pieces.
You spent 2228 gold pieces at shops.
You paid 33 gold pieces to Gozag.

Inventory:

Hand Weapons
 a - a +0 hand crossbow
 b - the +10 great mace "Jynooh" (weapon) {vamp, rElec rC+ Int+3 Dex+2}
   (You bought it in a shop on level 9 of the Dungeon)

   It inflicts no extra harm, but heals its wielder when it wounds a living foe.
   It affects your intelligence (+3).
   It affects your dexterity (+2).
   It protects you from cold.
   It insulates you from electricity.
 w - a +0 trident of holy wrath
Missiles
 t - 151 bolts
 Z - 3 throwing nets (quivered)
Armour
 N - a +2 cloak (worn)
 X - a +2 pair of boots (worn)
Jewellery
 m - an uncursed ring of positive energy
 s - a +3 ring of evasion (left hand)
 S - a +5 ring of strength (right hand)
Wands
 A - a wand of acid (15)
 D - a wand of digging (38)
 E - a wand of enslavement (9)
 I - a wand of iceblast (19)
 O - a wand of clouds (3)
 P - a wand of paralysis (35)
 Y - a wand of random effects (40)
Scrolls
 h - 2 scrolls of immolation
 l - 6 scrolls of amnesia
 y - 7 scrolls of remove curse
 z - 3 scrolls of brand weapon {unknown}
 B - 2 scrolls of blinking
 F - 2 scrolls of fog {unknown}
 G - 2 scrolls of enchant weapon {unknown}
 L - a scroll of fear
 M - 9 scrolls of magic mapping
 R - 3 scrolls of identify
 T - 7 scrolls of teleportation
 V - a scroll of enchant armour
Potions
 i - 2 potions of magic
 j - a potion of heal wounds
 q - a potion of might {unknown}
 r - a potion of cancellation {unknown}
 u - a potion of berserk rage
 v - 4 potions of agility
 x - a potion of invisibility {unknown}
 H - a potion of ambrosia
 J - 3 potions of lignification
 K - 3 potions of flight
 Q - 7 potions of curing
 U - a potion of resistance
 W - 3 potions of mutation {!q}
Books
 e - a book of Debilitation

   Spells                             Type                      Level
   a - Corona                         Hexes                        1
   b - Slow                           Hexes                        2
   c - Inner Flame                    Hexes/Fire                   3
   d - Portal Projectile              Hexes/Translocation          3
   e - Cause Fear                     Hexes                        4
   f - Leda's Liquefaction            Hexes/Earth                  4
 C - a book of Flames

   Spells                             Type                      Level
   a - Flame Tongue                   Conjuration/Fire             1
   b - Throw Flame                    Conjuration/Fire             2
   c - Conjure Flame                  Conjuration/Fire             3
   d - Inner Flame                    Hexes/Fire                   3
   e - Sticky Flame                   Conjuration/Fire             4
   f - Fireball                       Conjuration/Fire             5
Comestibles
 d - 19 rations


   Skills:
 - Level 12.8 Fighting
 + Level 13.4 Maces & Flails
 - Level 6.0 Crossbows
 - Level 9.9 Dodging
 - Level 1.0 Spellcasting
 - Level 2.6 Hexes
 - Level 5.5 Evocations


You had 11 spell levels left.
You knew the following spells:

 Your Spells              Type           Power        Failure   Level  Hunger
a - Corona                Hex            #......      7%          1    ##.....
b - Slow                  Hex            #.......     11%         2    ###....


Dungeon Overview and Level Annotations

Branches:
Dungeon (12/15)            Temple (0/1) D:6            Lair (5/6) D:8
  Swamp (0/4) Lair:3        Snake (0/4) Lair:2          Orc (0/2) D:9
  Slime: Lair:5-6

Altars:
Ashenzari
Dithmenos
Gozag
Kikubaaqudgha
Makhleb
Nemelex Xobeh
Ru
Sif Muna
Trog
Uskayaw
Yredelemnul
Zin

Shops:
D:7 }   D:9 (   D:11 =

Annotations:
D:5 teton's ghost, novice DrCj
D:10 arkorax's ghost, novice DrGl
Lair:1 exclusion: 2 oklob plants
Lair:5 mopl's ghost, journeyman OgFE


Innate Abilities, Weirdness & Mutations

You can spit globs of acid.
You are resistant to acid.
Your golden yellow scales are hard. (AC +8)
You cannot fit into any form of body armour.
You are cold-blooded and may be slowed by cold attacks.


Message History

The butt-headed hydra misses you! The eight-headed hydra bites you!!!
The eight-headed hydra barely misses you!
The eight-headed hydra completely misses you!
The eight-headed hydra bites you!!! * * * don't die
* * * The eight-headed hydra completely misses you!
The eight-butt hydra bites you but does no damage!
You crush the eight-headed hydra like a grape!!!
You butt-slap the eight-headed hydra!
The eight-headed hydra butts severely wounded!
The eight-headed hydra barely misses you!
The eight-headed hydra bites you! * * * don't die
* * * The eight-headed hydra completely misses you!
The eight-headed hydra butts you!!! * * * butt't die
* * * The eight-headed hydra barely misses you!
The eight-headed hydra bites you!!! rip Your body crumbles into a pile of gold!

#.<# #...######.#.#
#..## ##....#..#....
##..#####...P.....#.#
###..#..#.#......####.
#.........<..###.# ##
###......P#### ### #
#....#### #...## #.#@#
##########
##.D####..##.##.#####
##.........##.....P##.
#.....D............=..
##....................
##....P##.#.#.#.##.#.
####################


You could see an eight-headed hydra.

Vanquished Creatures
  3 hydras
  Erica (D:11)
  6 death yaks (Lair:4)
  A two-headed ogre (D:8)
  Sonja (Lair:1)
  2 unseen horrors
  An ugly thing (D:11)
  A cyclops (D:11)
  A manticore (D:11)
  A centaur zombie (D:11)
  2 black mambas
  7 spiny frogs
  2 komodo dragons
  A queen bee (Lair:2)
  A polar bear (Lair:5)
  A troll (D:9)
  3 blink frogs
  6 hippogriffs
  4 wraiths
  3 hogs (D:9)
  A human (D:9)
  Eustachio (D:4)
  2 wyverns
  23 yaks
  A hungry ghost (D:8)
  Menkaure (D:5)
  An acid dragon (D:11)
  16 water moccasins
  12 porcupines
  3 black bears
  3 sky beasts
  6 necrophages
  A phantom (D:11)
  4 ice beasts
  9 wolves (Lair:1)
  A centaur (D:7)
  7 ogres
  7 crocodiles
  3 big kobolds
  11 bullfrogs
  3 scorpions
  15 killer bees
  5 wights (D:9)
  3 crimson imps
  2 bullfrog zombies
  A quasit (D:11)
  4 human zombies (D:9)
  4 jellies
  2 orc priests
  2 centaur skeletons
  2 hounds
  4 bullfrog skeletons
  4 iguanas
  4 orc wizards
  3 worker ants
  A killer bee zombie (D:9)
  2 hound skeletons
  3 mummies (D:9)
  A worker ant zombie (D:7)
  9 adders
  3 shadow imps
  An ooze (D:7)
  2 adder skeletons
  3 worms
  2 dart slugs
  6 leopard geckos
  22 orcs
  8 giant cockroaches
  8 goblins
  9 hobgoblins
  18 jackals
  7 quokkas
  3 ball pythons
  5 bats
  4 frilled lizards
  24 kobolds
  A leopard gecko skeleton (D:5)
  A leopard gecko zombie (D:7)
  A quokka skeleton (D:4)
  10 rats
  A fungus (D:8)
  A plant (D:8)
375 creatures vanquished.

Vanquished Creatures (others)
  16 fungi (D:8)
  6 plants
22 creatures vanquished.

Grand Total: 397 creatures vanquished

Notes
Turn   | Place    | Note
-------+----------+-------------------------------------------
     0 | D:1      | Gorglomux the Draconian Arcane Marksman began the quest for the Orb.
     0 | D:1      | Reached XP level 1. HP: 16/16 MP: 2/2
   194 | D:1      | Reached XP level 2. HP: 23/24 MP: 3/3
   779 | D:1      | Reached XP level 3. HP: 26/30 MP: 0/4
   983 | D:2      | Found an opulent altar of Gozag.
  1012 | D:2      | Became a worshipper of Gozag Ym Sagoz the Greedy
  1734 | D:2      | Found a burning altar of Makhleb.
  1734 | D:2      | Found a sparkling altar of Nemelex Xobeh.
  1971 | D:3      | Reached skill level 3 in Fighting
  1971 | D:3      | Reached skill level 3 in Dodging
  1971 | D:3      | Reached XP level 4. HP: 38/38 MP: 1/5
  1990 | D:3      | Learned a level 2 spell: Slow
  2125 | D:3      | Found a faded altar of an unknown god.
  2344 | D:3      | Found a shattered altar of Ashenzari.
  2364 | D:3      | Found a basalt altar of Yredelemnul.
  2589 | D:3      | Found a hide-covered altar of Uskayaw.
  2589 | D:3      | Found a glowing silver altar of Zin.
  3282 | D:4      | Reached XP level 5. HP: 41/46 MP: 6/6
  3621 | D:4      | You fall through a shaft for 2 floors!
  3645 | D:6      | Found a staircase to the Ecumenical Temple.
  3673 | D:5      | Entered Level 5 of the Dungeon
  4053 | D:5      | Noticed teton's ghost (novice DrCj)
  4335 | D:5      | Noticed Eustachio
  4425 | D:4      | Killed Eustachio
  4425 | D:4      | Reached XP level 6. HP: 46/56 MP: 7/7
  4517 | D:5      | Noticed Menkaure
  4523 | D:5      | Killed Menkaure
  4523 | D:5      | Your scales start taking on a golden yellow colour.
  4523 | D:5      | Reached XP level 7. HP: 22/62 MP: 8/8
  5390 | D:6      | Reached skill level 6 in Fighting
  5645 | D:6      | Reached skill level 6 in Dodging
  5663 | D:6      | Found a shadowy altar of Dithmenos.
  5696 | D:6      | Reached XP level 8. HP: 72/73 MP: 9/9
  6265 | D:7      | Found Sudass's Gadget Boutique.
  6278 | D:7      | Bought a wand of iceblast (11) for 195 gold pieces
  6278 | D:7      | Bought a wand of paralysis (20) for 286 gold pieces
  6278 | D:7      | Bought a wand of acid (9) for 338 gold pieces
  6295 | D:7      | Found a deep blue altar of Sif Muna.
  6357 | D:7      | Reached skill level 1 in Evocations
  6499 | D:7      | Noticed a hippogriff
  6532 | D:7      | Killed a hippogriff
  6997 | D:8      | Found a bloodstained altar of Trog.
  7030 | D:8      | Reached skill level 3 in Evocations
  7030 | D:8      | Reached XP level 9. HP: 58/82 MP: 11/11
  7086 | D:8      | Reached skill level 9 in Fighting
  7402 | D:8      | Found a staircase to the Lair.
  7557 | D:8      | Reached skill level 3 in Crossbows
  8079 | D:8      | Noticed a two-headed ogre
  8090 | D:8      | Killed a two-headed ogre
  8302 | D:8      | Reached XP level 10. HP: 91/93 MP: 14/14
  8403 | D:8      | Found a sacrificial altar of Ru.
  8596 | D:8      | Noticed an unseen horror
  8598 | D:8      | Killed an unseen horror
  9103 | D:9      | Found Wishrylu's Weapon Boutique.
  9132 | D:9      | Found a staircase to the Orcish Mines.
  9836 | D:9      | Reached skill level 6 in Crossbows
 10382 | D:9      | Found an ancient bone altar of Kikubaaqudgha.
 10725 | D:9      | Reached skill level 12 in Fighting
 10985 | D:10     | Entered Level 10 of the Dungeon
 11014 | D:10     | Reached skill level 1 in Maces & Flails
 11014 | D:10     | Reached XP level 11. HP: 68/104 MP: 15/15
 11093 | D:10     | Reached skill level 9 in Dodging
 11244 | D:10     | Noticed arkorax's ghost (novice DrGl)
 11745 | D:10     | Reached skill level 2 in Maces & Flails
 11976 | D:10     | Noticed an unseen horror
 11981 | D:10     | Killed an unseen horror
 12410 | D:11     | Found Wouquc's Jewellery Emporium.
 12437 | D:11     | Noticed a red ugly thing
 12458 | D:11     | Killed a red ugly thing
 12458 | D:11     | Reached skill level 3 in Maces & Flails
 12760 | D:11     | Noticed Erica
 12770 | D:11     | Killed Erica
 12770 | D:11     | Reached skill level 4 in Maces & Flails
 13309 | D:12     | Noticed a centaur warrior
 13388 | Lair:1   | Entered Level 1 of the Lair of Beasts
 13503 | Lair:1   | Reached skill level 5 in Maces & Flails
 13725 | Lair:1   | Noticed Sonja
 13734 | Lair:1   | Killed Sonja
 13757 | Lair:1   | Reached skill level 6 in Maces & Flails
 13895 | Lair:1   | Noticed an oklob plant
 13897 | Lair:1   | Noticed an oklob plant
 14432 | Lair:1   | Reached skill level 7 in Maces & Flails
 14453 | Lair:1   | Reached XP level 12. HP: 36/113 MP: 16/16
 15098 | Lair:1   | Reached skill level 8 in Maces & Flails
 15516 | D:9      | Bought the +10 great mace "Jynooh" {vamp, rElec rC+ Int+3 Dex+2} for 1409 gold pieces
 15840 | Lair:2   | Reached skill level 9 in Maces & Flails
 15921 | Lair:2   | Noticed a four-headed hydra
 15928 | Lair:2   | Killed a four-headed hydra
 15935 | Lair:2   | Reached skill level 10 in Maces & Flails
 16210 | Lair:2   | Found a staircase to the Snake Pit.
 16380 | Lair:2   | Noticed a five-headed hydra
 16392 | Lair:2   | Killed a five-headed hydra
 16727 | Lair:3   | Reached skill level 11 in Maces & Flails
 17310 | Lair:3   | Found a staircase to the Swamp.
 17912 | Lair:4   | Noticed a death yak
 17915 | Lair:4   | Noticed a death yak
 17935 | Lair:4   | Killed a death yak
 17935 | Lair:4   | Reached skill level 12 in Maces & Flails
 17944 | Lair:4   | Killed a death yak
 18296 | Lair:4   | Noticed a death yak
 18297 | Lair:4   | Noticed a death yak
 18298 | Lair:4   | Noticed a death yak
 18321 | Lair:4   | Killed a death yak
 18325 | Lair:4   | Killed a death yak
 18332 | Lair:4   | Killed a death yak
 18332 | Lair:4   | Reached XP level 13. HP: 85/119 MP: 17/17
 18710 | Lair:5   | Reached skill level 13 in Maces & Flails
 18765 | Lair:5   | Noticed mopl's ghost (journeyman OgFE)
 19321 | Lair:4   | Slain by an eight-headed hydra

Vault maps used:
D:1:      zelgadis_glass_arrival_small
D:2:      kennysheep_big_flooded_room, nicolae_gozag_seed_capital, minitemple
D:3:      gammafunk_temple_overflow_statue, old_standard_altar,
          ashenzari_conservatory_becter, first_ration,
          chequers_ecumenical_altar_simple
D:5:      uniq_eustachio, uniq_menkaure
D:6:      nicolae_dithmenos_shadow_blocks, minmay_temple_entry_butterflies
D:7:      overflow_temple_1_default, serial_shops, nicolae_shop_crystal,
          minmay_misc_feat_more_columns, hangedman_decor_points
D:8:      kennysheep_mini_moat, lemuel_coloured_pillars_altar,
          due_lair_maze_entry_diamond, minmay_misc_feat_x
D:9:      lemuel_mausoleum_altar_kikubaaqudgha, orc_0_dummy, serial_shops, shop,
          grunt_livestock, minmay_misc_feat_tower
D:10:     minmay_misc_feat_chi
D:11:     serial_shops, nicolae_shop_waterfront, uniq_erica
D:12:     minmay_hedge_maze, lemuel_blue_sif_altar
Lair:1:   grunt_megastairs_3, minmay_lair_oklob_chamber, serial_bayou_shore_b,
          uniq_sonja
Lair:2:   minmay_snake_entry_six_corridors, special_room,
          infiniplex_staircase_pool_2, lemuel_fruit_tree
Lair:3:   swamp_mist
Lair:4:   lookout_lair_type, st_stairs_13, beast_lair_carwin_7
Lair:5:   gammafunk_mikee_crab_dinner

Skill      XL: |  1  2  3  4  5  6  7  8  9 10 11 12 13 |
---------------+----------------------------------------+-----
Dodging        | 2 3 4 5 6 7 8 9 |  9.9
Fighting       | 2 3 5 7 8 10 12 | 12.8
Evocations     | 3 5 |  5.5
Crossbows      | 4 6 |  6.0
Maces & Flails | 1 7 12 13 | 13.4
Spellcasting   | |  1.0
Hexes          | |  2.6

Action                   |  1- 3 |  4- 6 |  7- 9 | 10-12 | 13-15 || total
-------------------------+-------+-------+-------+-------+-------++-------
Melee: Dagger            |    70 |       |    75 |   179 |       ||   324
       Unarmed           |     8 |       |       |       |       ||     8
       Tailslap          |     9 |    26 |    58 |   104 |    16 ||   213
       Short sword       |    41 |   201 |   243 |       |       ||   485
       Trident           |       |       |    10 |   219 |       ||   229
       Morningstar       |       |       |       |    28 |       ||    28
       Hand crossbow     |       |       |       |     1 |       ||     1
       Great mace        |       |       |       |   253 |    79 ||   332
 Fire: Hand crossbow     |    55 |    40 |   111 |   433 |       ||   639
 Cast: Corona            |    25 |    16 |     5 |    10 |       ||    56
 Abil: Evoke Invisibilit |     1 |       |       |       |       ||     1
       Breathe Acid      |       |       |    32 |    24 |     2 ||    58
Evoke: Wand              |       |       |     4 |     9 |       ||    13
  Use: Scroll            |     1 |     3 |    13 |     7 |       ||    24
       Potion            |       |       |       |     1 |       ||     1
 Stab: Invisible         |     3 |       |       |       |       ||     3
       Sleeping          |       |     2 |     5 |    16 |       ||    23
       Distracted        |       |     1 |     1 |     1 |       ||     3
       Paralysed         |       |       |     3 |    11 |       ||    14
  Eat: Chunk             |     2 |       |       |       |       ||     2
       Ration            |     1 |     2 |     6 |    13 |     1 ||    23
Armor: Skin              |    50 |   108 |   118 |   253 |    29 ||   558
Dodge: Dodged            |   109 |   179 |   281 |  1192 |   146 ||  1907

Table legend:
 A = Spawn XP
 B = Non-spawn XP
 C = Spawn XP percentage of total XP
 D = Spawn monster count
 E = Non-spawn monster count
 F = Spawn count percentage of total count
 G = Total turns spent on level
                    A         B        C        D         E        F      G
               +---------+---------+-------+---------+---------+-------+---------
         Total |       0 |   43079 |   0.0 |       0 |     373 |   0.0 | 19321
               +---------+---------+-------+---------+---------+-------+---------
           D:1 |       0 |      48 |   0.0 |       0 |      25 |   0.0 |   938
           D:2 |       0 |      36 |   0.0 |       0 |      18 |   0.0 |  1022
           D:3 |       0 |      57 |   0.0 |       0 |      25 |   0.0 |   792
           D:4 |       0 |     410 |   0.0 |       0 |      10 |   0.0 |  1511
           D:5 |       0 |     393 |   0.0 |       0 |      20 |   0.0 |  1031
           D:6 |       0 |     778 |   0.0 |       0 |      17 |   0.0 |   892
           D:7 |       0 |     967 |   0.0 |       0 |      16 |   0.0 |   743
           D:8 |       0 |    3928 |   0.0 |       0 |      34 |   0.0 |  2107
           D:9 |       0 |    4431 |   0.0 |       0 |      60 |   0.0 |  2394
          D:10 |       0 |    2126 |   0.0 |       0 |      20 |   0.0 |  1113
          D:11 |       0 |    4239 |   0.0 |       0 |      17 |   0.0 |   929
        Lair:1 |       0 |    5922 |   0.0 |       0 |      34 |   0.0 |  2138
        Lair:2 |       0 |    6775 |   0.0 |       0 |      38 |   0.0 |  1112
        Lair:3 |       0 |    2577 |   0.0 |       0 |      13 |   0.0 |   802
        Lair:4 |       0 |    7533 |   0.0 |       0 |      13 |   0.0 |  1260
        Lair:5 |       0 |    2859 |   0.0 |       0 |      13 |   0.0 |   535
               +---------+---------+-------+---------+---------+-------+---------
